 Dungeon Crawl Stone Soup version 0.28.0-47-ge53b351184 (webtiles) character file.

Game seed: 4735328491879959733

32741 CryoSword the Carver (level 13, -6/94 (97) HPs)
             Began as a Vine Stalker Chaos Knight on May 6, 2022.
             Was a Plaything of Xom.
             Mangled by a swamp worm (12 damage)
             ... on level 3 of the Lair of Beasts.
             The game lasted 00:43:28 (13866 turns).

CryoSword the Carver (Vine Stalker Chaos Knight)   Turns: 13866, Time: 00:43:30

HP:   -6/94 (97)    AC: 26    Str: 15 (16) XL:     13   Next: 66%
MP:   0/23          EV:  2    Int: 17 (19) God:    Xom [.*....]
Gold: 1040          SH: 11    Dex: 18      Spells: 18/24 levels left

rFire   + + .      SeeInvis .   a - +9 long sword of Ignis's Approval {flame, rElec rF++ Will- Int+4}
rCold   . . .      Faith    .   A - +0 kite shield
rNeg    . . .      Spirit   +   (armour currently unavailable)
rPois   +          Reflect  .   (helmet currently unavailable)
rElec   +          Harm     .   (cloak currently unavailable)
rCorr   +          Rampage  .   (gloves currently unavailable)
Will    .....      NoTele   +   (boots currently unavailable)
Stlth   +++.......              F - amulet "Gorirr" {Regen+ rCorr Int+3 Dex+2}
HPRegen 1.85/turn               P - +4 ring of protection
MPRegen 0.18/turn               O - +4 ring of slaying {=R}

@: tree-form, corroded, hasted, lightly drained, unable to read, very quick
A: stationary, stasis, torment immunity, boosted hp, (fangs 3), regeneration 1,
magic shield, (antimagic bite), no potion heal 2, (horns 2), (iridescent scales
1), deterioration 2, weak 1, inability to read while threatened, MP-powered
wands
a: Renounce Religion


You were on level 3 of the Lair of Beasts.
You worshipped Xom.
You were a plaything of Xom.
You were a tree.
You visited 2 branches of the dungeon, and saw 16 of its levels.

You collected 1040 gold pieces.

Inventory:

Hand Weapons
 a - the +9 long sword of Ignis's Approval (weapon) {flame, rElec rF++ Will- Int+4}
   (You found it on level 9 of the Dungeon)

   It burns those it strikes, dealing additional fire damage.
   Big, fiery blades are also staple armaments of hydra-hunters.
   Int:       It affects your intelligence (+4).
   rF:        It greatly protects you from fire.
   rElec:     It insulates you from electricity.
   Will:      It decreases your willpower.
Missiles
 m - 4 boomerangs
 p - 2 datura-tipped darts
 q - a curare-tipped dart (quivered)
 J - 34 poisoned darts
 Z - 2 throwing nets
Armour
 e - a +2 ring mail of poison resistance (melded)
   (You found it on level 7 of the Dungeon)
 A - a +0 kite shield (worn)
   (You found it on level 13 of the Dungeon)
 I - a +0 helmet
   (You found it on level 7 of the Dungeon)
 Q - a +2 cloak of stealth (melded)
   (You found it on level 6 of the Dungeon)
Jewellery
 o - a ring of protection from cold
   (Xom gifted it to you on level 4 of the Dungeon)
 s - the ring "Fyawogam" {Fly rPois Int+3 Dex-5}
   (Xom gifted it to you on level 11 of the Dungeon)

   [ring of flight]

   Int:       It affects your intelligence (+3).
   Dex:       It affects your dexterity (-5).
   rPois:     It protects you from poison.
   Fly:       It grants you flight.
 u - a +4 ring of evasion
   (You found it on level 1 of the Dungeon)
 y - a ring of fire
   (You found it on level 6 of the Dungeon)
 F - the amulet "Gorirr" (around neck) {Regen+ rCorr Int+3 Dex+2}
   (You found it on level 7 of the Dungeon)

   [amulet of regeneration]

   Int:       It affects your intelligence (+3).
   Dex:       It affects your dexterity (+2).
   Regen:     It increases your rate of health regeneration.
   rCorr:     It protects you from acid and corrosion.
 G - a ring of willpower
   (You found it on level 9 of the Dungeon)
 O - a +4 ring of slaying (right branch) {=R}
   (You found it on level 8 of the Dungeon)
 P - a +4 ring of protection (left branch)
   (You found it on level 11 of the Dungeon)
 R - a ring of see invisible
   (You found it on level 10 of the Dungeon)
Wands
 k - a wand of charming (13)
   (You found it on level 3 of the Dungeon)
 r - a wand of flame (45)
   (You found it on level 5 of the Dungeon)
 E - a wand of paralysis (8)
   (You found it on level 7 of the Dungeon)
 T - a wand of mindburst (18)
   (You found it on level 13 of the Dungeon)
 V - a wand of digging (3)
   (You found it on level 13 of the Dungeon)
 W - a wand of acid (10)
   (You found it on level 1 of the Lair of Beasts)
Scrolls
 b - a scroll of brand weapon {unknown}
 c - 3 scrolls of magic mapping
 g - 2 scrolls of blinking {unknown}
 i - 2 scrolls of holy word
 n - 6 scrolls of teleportation {@r4}
 t - 2 scrolls of amnesia {unknown}
 x - 2 scrolls of fear
 z - 2 scrolls of fog
 B - 2 scrolls of silence {unknown}
 L - 3 scrolls of enchant armour
 M - 2 scrolls of enchant weapon
 N - a scroll of summoning {unknown}
Potions
 d - 2 potions of lignification {!q}
 f - 3 potions of magic
 h - 8 potions of curing {@q1}
 j - 2 potions of mutation {!q}
 v - a potion of attraction {unknown}
 C - a potion of brilliance {unknown}
 H - a potion of invisibility {unknown}
 K - 2 potions of heal wounds {unknown}
 U - a potion of resistance {unknown}
Miscellaneous
 S - a phantom mirror
   (You found it on level 12 of the Dungeon)


   Skills:
 - Level 6.4 Fighting
 * Level 11.0 Long Blades
 - Level 10.6 Maces & Flails
 - Level 2.0 Armour
 - Level 6.7 Dodging
 - Level 6.0 Stealth
 + Level 8.1 Shields
 - Level 6.4 Spellcasting
 - Level 5.0 Transmutations


You had 18 spell levels left.
You knew the following spells:

 Your Spells              Type           Power      Damage    Failure   Level
a - Wereblood             Tmut           22%        N/A       6%          2
P - Passwall              Tmut/Erth      10%        N/A       16%         2
S - Sublimation of Blood  Necr           5%         N/A       41%         2

Your spell library contained the following spells:

 Spells                   Type           Power      Damage    Failure   Level
 Sandblast                Erth           10%        2d5       30%         1
 Summon Small Mammal      Summ           20%        N/A       30%         1
 Spider Form              Tmut/Pois      13%        N/A       32%         3
 Ensorcelled Hibernation  Hex/Ice        10%        N/A       41%         2
 Call Canine Familiar     Summ           5%         N/A       65%         3
 Dazzling Flash           Conj/Hex       10%        N/A       65%         3
 Frozen Ramparts          Ice            10%        1d3       65%         3
 Inner Flame              Hex/Fire       5%         N/A       65%         3
 Portal Projectile        Hex/Tloc       10%        N/A       65%         3
 Stone Arrow              Conj/Erth      10%        3d7       65%         3
 Summon Guardian Golem    Hex/Summ       5%         N/A       65%         3
 Ice Form                 Ice/Tmut       13%        N/A       71%         4
 Anguish                  Hex/Necr       2%         N/A       96%         4
 Cause Fear               Hex            2%         N/A       96%         4
 Leda's Liquefaction      Hex/Erth       2%         N/A       96%         4
 Summon Ice Beast         Ice/Summ       5%         N/A       96%         4
 Agony                    Necr           5%         N/A       100%        5
 Silence                  Hex/Air        2%         N/A       100%        5
 Dragon Form              Tmut           11%        N/A       100%        7
 Summon Hydra             Summ           2%         N/A       100%        7
 Discord                  Hex            2%         N/A       100%        8
 Dragon's Call            Summ           2%         N/A       100%        9


Dungeon Overview and Level Annotations

Branches:
Dungeon (13/15)            Temple (0/1) D:5            Lair (3/6) D:11
  Swamp (0/4) Lair:3          Orc (0/2) D:11         Vaults (0/5) D:13
  Snake: Lair:2-4    Spider: Lair:2-4

Altars:
Ashenzari
Cheibriados
Fedhas
Hepliaklqana
Vehumet
Wu Jian
Xom
Yredelemnul
Zin
The Shining One
Beogh

Shops:
D:2 (

Annotations:
D:7 3 runed translucent doors, Cab's ghost, novice DsFi; kalagan's ghost, novice DjCj


Innate Abilities, Weirdness & Mutations

You are a tree.
Your roots penetrate the ground, keeping you stationary.
You cannot be teleported.
You are immune to unholy pain and torment.
Your maximum health is greatly increased.
Your equipment is partially melded.
((You have razor-sharp teeth.))
Your natural rate of healing is unusually fast.
When hurt, damage is shared between your health and your magic reserves.
((Your bite disrupts and absorbs the magic of your enemies.))
Potions cannot restore your health.
((You have a pair of horns on your head.))
((You are partially covered in iridescent scales. (AC +2)))
Your body often deteriorates upon taking damage.
You are weak. (Str -2)
You sometimes lose the ability to read scrolls when taking damage.
You expend magic power (3 MP) to strengthen your wands.


Message History

The flame cauterises the wound!
You slash the one-headed hydra! You burn the one-headed hydra.
You kill the one-headed hydra!
You see here a hydra corpse.
Xom twists space around you.
Your surroundings suddenly seem different.
Your surroundings suddenly seem different.
Found a leather armour and a chain mail.
Unknown command.
Unknown command.
Unknown command.
You drop a +0 flail of protection.
You drop 4 potions of ambrosia.
D - 4 potions of ambrosia Autopickup disabled for potions of ambrosia.
You drop 4 potions of ambrosia.
Found 2 javelins.
z - 2 scrolls of fog (gained 1)
You enter the shallow water.
Moving in this stuff is going to be slow.
A tyrant leech comes into view.
A tyrant leech is nearby!
You slash the tyrant leech! You burn the tyrant leech.
You bite the tyrant leech! You drain its power. The tyrant leech bites you.
The tyrant leech draws strength from your injuries!
You slash the tyrant leech! You burn the tyrant leech.
You headbutt the tyrant leech! Your bite misses the tyrant leech.
You hit the tyrant leech. You burn the tyrant leech.
You block the tyrant leech's attack.
You slice the tyrant leech!! You burn the tyrant leech.
You kill the tyrant leech!
You feel your dexterity returning.
No target in view!
No target in view!
No target in view!
You see here a tyrant leech corpse.
A swamp worm comes into view.
A swamp worm is nearby!
A swamp worm is nearby!
A swamp worm is nearby!
A swamp worm is nearby!
You enter the shallow water.
Moving in this stuff is going to be slow.
An eight-headed hydra, a swamp worm and a four-headed hydra come into view.
Found a staircase to the Swamp.
The four-headed hydra roars!
The eight-headed hydra roars!
A cane toad comes into view.
The swamp worm fires a harpoon shot at you.
You block the harpoon shot.
The swamp worm fires a harpoon shot at you.
You block the harpoon shot.
You hack one of the four-headed hydra's heads off!
The flame cauterises the wound!
You hit the three-headed hydra. You burn the three-headed hydra.
Your headbutt misses the three-headed hydra.
You bite the three-headed hydra! You drain its power.
You block the three-headed hydra's attack. x2
The three-headed hydra bites you but does no damage.
You hack one of the three-headed hydra's heads off!
The flame cauterises the wound!
You slash the two-headed hydra! You burn the two-headed hydra.
You bite the two-headed hydra. You drain its power.
You block the two-headed hydra's attack. x2
You chop one of the two-headed hydra's heads off!
The flame cauterises the wound!
You hit the one-headed hydra. You burn the one-headed hydra.
Your headbutt misses the one-headed hydra.
Xom's power touches on a nearby monster.
The eight-headed hydra evaporates and reforms as a goliath frog!
The one-headed hydra misses you. The goliath frog hits you from afar.
The acid corrodes you!
You are splashed with acid.
You resist.
The swamp worm bites you but does no damage.
The swamp worm fires a harpoon shot at you.
You block the harpoon shot. The one-headed hydra bites you!
You see here a tyrant leech corpse.
You hack the one-headed hydra's last head off!
You kill the one-headed hydra!
The goliath frog barely misses you.
The swamp worm fires a harpoon shot at you.
The harpoon shot hits you!!
You feel threatened and lose the ability to read scrolls!
Your body deteriorates!
You feel dopey.
You are yanked forward by the harpoon shot.
Your Long Blades skill increases to level 11!
You cannot read scrolls in your current state!
Unknown command. "Serve the toy, my child!"
You block the goliath frog's attack.
The swamp worm fires a harpoon shot at you.
The harpoon shot hits you!
* * * LOW HITPOINT WARNING * * *
Your body deteriorates!
You feel dopey.
You are yanked forward by the harpoon shot.
You block the swamp worm's attack. The goliath frog hits you.
* * * LOW HITPOINT WARNING * * *
You are splashed with acid.
You resist.
* * * LOW HITPOINT WARNING * * *
Okay, then.
You cannot read scrolls in your current state!
Unknown command.
Really quaff
d - 3 potions of lignification {!q}?
Really quaff the potion of lignification?
You turn into a tree.
Your +2 cloak of stealth melds into your body.
Your +2 ring mail of poison resistance melds into your body.
You feel less stealthy.
You no longer feel resistant to poison.
Your roots penetrate the ground.
The swamp worm barely misses you. You block the goliath frog's attack.
You slash the goliath frog! You burn the goliath frog.
You block the swamp worm's attack.
You slash the goliath frog! You burn the goliath frog.
The goliath frog hits you but does no damage.
The swamp worm bites you but does no damage.
The cane toad stings you.
* * * LOW HITPOINT WARNING * * *
You hit the goliath frog. You burn the goliath frog. The goliath frog hits you.
You are splashed with acid.
You resist.
* * * LOW HITPOINT WARNING * * *
The swamp worm bites you but does no damage.
You block the cane toad's attack.
Your iron imp misses the goliath frog.
You closely miss the goliath frog. You block the goliath frog's attack.
The swamp worm bites you but does no damage.
The cane toad stings you.
* * * LOW HITPOINT WARNING * * *
Your iron imp barely misses the goliath frog.
The goliath frog hits you.
* * * LOW HITPOINT WARNING * * *
You are splashed with acid.
You resist.
* * * LOW HITPOINT WARNING * * *
You block the swamp worm's attack.
You feel yourself speed up. The cane toad stings you!
* * * LOW HITPOINT WARNING * * *
The goliath frog hits you but does no damage.
The swamp worm bites you.
* * * LOW HITPOINT WARNING * * *
Unknown command.
You slash the goliath frog! You burn the goliath frog.
You block the cane toad's attack.
Your iron imp barely misses the goliath frog.
You block the swamp worm's attack. The goliath frog hits you.
* * * LOW HITPOINT WARNING * * *
You are splashed with acid.
You resist.
* * * LOW HITPOINT WARNING * * *
You slash the goliath frog! You burn the goliath frog.
You kill the goliath frog!
You block the cane toad's attack. The swamp worm bites you!
You die...
Xom cackles wildly!

.......# ♣♣♣♣♣♣♣♣> ♣♣♣.#......
##....<♣ ♣..♣§§♣≈ ♣♣♣♣.♣........
.......# ..§§.§≈ ♣♣.♣≈..........
#.##.###♣ §§§§§ ♣♣..≈≈...######.
.#####..♣§ ♣§≈w. ♣...≈≈≈♣.# ####
........♣§§♣≈≈§♣ ♣§.≈≈≈≈♣.####.##
........♣♣.§§§≈♣♣♣§♣≈≈≈≈♣........
.........♣.§§≈§♣5§§♣≈≈≈≈♣........
..)......♣♣§≈§wF♣§§♣≈≈≈≈♣........
P###+.#...♣♣♣≈§w♣♣♣♣♣≈≈≈♣..<.....
####..##....♣♣♣♣♣ ♣♣♣♣♣........
###..##....♣# ♣.....?.....
#.....##...## ## #....P####..+
.....###....##.... ##.....#####..
#....#........... P#.....##......
##..>##.....#.... ......#.......
##....##......... #.....#......


You could see a cane toad, 2 swamp worms and a friendly iron imp (summoned).

Vanquished Creatures
  Frances (D:13)
  Kirke (D:13)
  2 vault guards (D:13)
  2 hydras (Lair:3)
  A boulder beetle (D:13)
  2 centaur warriors
  4 two-headed ogres
  A goliath frog (Lair:3)
  The ghost of 101zpm the Magician, a novice GnAE of Cheibriados (D:8)
  Pikel (D:9)
  An ugly thing (D:11)
  2 manticores
  2 black mambas
  4 elephants (Lair:3)
  2 komodo dragons
  An unseen horror (D:12)
  2 cane toads
  2 rime drakes
  Psyche (D:9)
  A queen bee (D:9)
  A tyrant leech (Lair:3)
  4 hornets
  A wind drake (shapeshifter) (D:10)
  3 trolls
  Prince Ribbit (D:9)
  Grinder (D:6)
  12 blink frogs
  The ghost of Skiberibeda the Caller, a novice FeSu (D:6)
  21 yaks
  A shadow (D:12)
  3 basilisks
  2 hogs (D:13)
  5 wraiths
  A vampire (D:9)
  A golden eye (shapeshifter) (D:13)
  9 humans (D:13)
  Edmund (D:5)
  2 water moccasins
  An ice beast (D:5)
  7 orc warriors
  3 black bears
  2 ogres
  2 sky beasts
  A necrophage (D:7)
  5 centaurs
  A phantom (D:7)
  2 bullfrogs
  3 kobold brigands
  A gnoll sergeant (D:10)
  4 scorpions
  A wyvern skeleton (D:7)
  22 killer bees (D:9)
  5 wights
  4 howler monkeys
  6 electric eels (D:6)
  A crimson imp (D:11)
  2 lava snakes (D:10)
  2 bullfrog zombies
  3 centaur zombies
  A gnoll shaman (D:7)
  4 hounds
  2 jellies
  6 orc priests
  Natasha (thrice) (D:2)
  8 orc wizards
  A scorpion zombie (D:5)
  2 killer bee zombies
  2 howler monkey zombies
  Robin (D:4)
  10 adders
  11 gnolls
  A white imp (D:11)
  2 dart slugs
  56 orcs
  3 ball pythons
  An endoplasm (D:1)
  18 goblins
  10 hobgoblins
  16 jackals
  3 quokkas
  4 bats
  3 frilled lizards
  14 kobolds
  3 rats
367 creatures vanquished.

Vanquished Creatures (collateral kills)
  An orc knight (D:11)
  An orc warrior (D:11)
  A gnoll sergeant (D:11)
  A gnoll (D:11)
  A kobold (D:9)
5 creatures vanquished.

Vanquished Creatures (others)
  2 humans (D:13)
  A kobold (D:9)
  3 fungi
  6 plants
12 creatures vanquished.

Grand Total: 384 creatures vanquished

Notes
Turn   | Place    | Note
-------+----------+-------------------------------------------
     0 | D:1      | CryoSword the Vine Stalker Chaos Knight began the quest for
                  | the Orb.
     0 | D:1      | Reached XP level 1. HP: 11/11 MP: 2/2
   128 | D:1      | XOM: divination: magic mapping
   143 | D:1      | Reached XP level 2. HP: 2/16 MP: 3/3
   326 | D:1      | XOM: silly message
   377 | D:1      | XOM: silly message
   467 | D:1      | Found a faded altar of an unknown god.
   469 | D:1      | XOM: divination: detect creatures
   611 | D:1      | Reached XP level 3. HP: 19/19 MP: 4/4
  1133 | D:2      | XOM: smoke on damage
  1139 | D:2      | Gained mutation: Your natural rate of healing is unusually
                  | fast. [Vine Stalker growth]
  1139 | D:2      | Reached XP level 4. HP: 5/23 MP: 5/5
  1297 | D:2      | Noticed Natasha
  1297 | D:2      | XOM: scenery: create altars
  1322 | D:2      | Killed Natasha
  1323 | D:2      | Reached skill level 5 in Maces & Flails
  1328 | D:2      | Reached XP level 5. HP: 26/27 MP: 4/6
  1371 | D:2      | Noticed Natasha
  1374 | D:2      | Found Munyam's Weapon Shoppe.
  1389 | D:2      | Killed Natasha
  1727 | D:2      | Noticed Natasha
  1734 | D:2      | Killed Natasha
  1798 | D:2      | Found a shimmering altar of Xom.
  1826 | D:2      | Found Munyam's Weapon Shoppe.
  2354 | D:3      | Noticed a black bear
  2431 | D:2      | XOM: give mutations
  2431 | D:2      | Gained mutation: You have a pair of small horns on your
                  | head. [Xom's grace]
  2431 | D:2      | Gained mutation: You are resistant to electric shocks.
                  | (rElec) [Xom's grace]
  2431 | D:2      | Gained mutation: Your flesh is heat resistant. (rF+) [Xom's
                  | grace]
  2509 | D:3      | Found a snail-covered altar of Cheibriados.
  2691 | D:3      | Found a broken altar of Ashenzari.
  2695 | D:3      | Saw a vision of the Swamp and the Snake Pit.
  2695 | D:3      | Noticed an alligator
  2695 | D:3      | Noticed a goliath frog
  2695 | D:3      | Noticed a vampire mosquito
  2695 | D:3      | Noticed a vampire mosquito
  2695 | D:3      | Noticed a vampire mosquito
  2695 | D:3      | Noticed a naga mage
  2695 | D:3      | Noticed a naga
  2695 | D:3      | Noticed a black mamba
  2695 | D:3      | Noticed an anaconda
  2695 | D:3      | Noticed a black mamba
  2695 | D:3      | Noticed a black mamba
  2696 | D:3      | Noticed an alligator
  2696 | D:3      | Noticed a naga mage
  2698 | D:3      | Noticed a naga mage
  2760 | D:3      | Reached XP level 6. HP: 32/32 MP: 7/7
  2786 | D:3      | Killed a black bear
  2916 | D:4      | Found a glowing golden altar of the Shining One.
  2947 | D:4      | Found a radiant altar of Vehumet.
  2967 | D:4      | Noticed Robin
  2971 | D:4      | XOM: god gift: coral ring {god gift}
  2972 | D:4      | XOM: chaos upgrade
  2978 | D:4      | XOM: butterfly on damage
  2981 | D:4      | HP: 1/32 [Robin/goblin (1)]
  3298 | D:4      | XOM: give mutation
  3298 | D:4      | Gained mutation: Your flesh is cold resistant. (rC+) [Xom's
                  | mischief]
  3302 | D:4      | Reached skill level 1 in Dodging
  3352 | D:4      | Reached skill level 1 in Stealth
  3352 | D:4      | Reached XP level 7. HP: 28/35 MP: 7/9
  3382 | D:4      | Reached skill level 1 in Spellcasting
  3526 | D:4      | Found a shimmering altar of Xom.
  3526 | D:4      | XOM: god gift: 18 arrows
  3589 | D:4      | Identified the +2 robe of Defiance {Regen+ Dex+3}
  3613 | D:4      | Killed Robin
  3695 | D:4      | XOM: give mutations
  3695 | D:4      | Gained mutation: You are robust. (+10% HP) [Xom's grace]
  3695 | D:4      | Gained mutation: You are partially covered in iridescent
                  | scales. (AC +2) [Xom's grace]
  3695 | D:4      | Gained mutation: Your mind is acute. (Int +2) [Xom's grace]
  3842 | D:5      | Entered Level 5 of the Dungeon
  3865 | D:5      | Found a glowing silver altar of Zin.
  3967 | D:5      | Found a staircase to the Ecumenical Temple.
  4011 | D:5      | XOM: 4-stop teleportation journey
  4186 | D:5      | Gained mutation: You have razor-sharp teeth. [Vine Stalker
                  | growth]
  4186 | D:5      | Reached XP level 8. HP: 41/44 MP: 8/11
  4295 | D:5      | XOM: butterfly on damage
  4334 | D:5      | XOM: god gift: scroll labelled ZAKKUI CIOLOLU {god gift}
  4724 | D:6      | Noticed Grinder
  4726 | D:6      | Noticed Edmund
  4774 | D:6      | XOM: noise
  4810 | D:6      | XOM: divination: detect creatures
  4838 | D:5      | Killed Edmund
  4869 | D:6      | XOM: divination: detect items
  4882 | D:6      | XOM: potion effect (invisibility)
  4920 | D:6      | Killed Grinder
  5002 | D:6      | Noticed a hornet
  5013 | D:6      | Killed a hornet
  5014 | D:6      | Reached XP level 9. HP: 49/49 MP: 12/15
  5096 | D:6      | Noticed a two-headed ogre
  5237 | D:6      | Found a hazy altar of Hepliaklqana.
  5296 | D:6      | Found a runed translucent gate.
  5296 | D:6      | Found a runed translucent gate.
  5296 | D:6      | Found a runed translucent gate.
  5300 | D:6      | Identified the +2 chain mail of the Crushed Mouths {Int+2
                  | Stlth+}
  5302 | D:6      | Noticed Skiberibeda's ghost (novice FeSu)
  5472 | D:7      | Identified the amulet "Gorirr" {Regen+ rCorr Int+3 Dex+2}
  5482 | D:7      | XOM: divination: detect items
  5487 | D:7      | Found a runed translucent gate.
  5487 | D:7      | Found a runed translucent gate.
  5487 | D:7      | Found a runed translucent gate.
  5492 | D:7      | Noticed Cab's ghost (novice DsFi)
  5492 | D:7      | Noticed kalagan's ghost (novice DjCj)
  5596 | D:7      | Noticed Joseph
  5626 | D:7      | XOM: smoke on damage
  6122 | D:7      | XOM: divination: detect items
  6287 | D:7      | XOM: potion effect (berserk rage)
  6288 | D:7      | Noticed Joseph
  6288 | D:7      | Joseph changed into Joseph the sky beast
  6288 | D:7      | XOM: polymorph Joseph -> Joseph the sky beast
  6299 | D:7      | Killed Joseph the sky beast
  6490 | D:8      | Identified the +1 leather armour of the Little Devil {rPois
                  | rF- Str+2 Int+2}
  6635 | D:8      | XOM: give mutations
  6635 | D:8      | Gained mutation: Your flesh is very heat resistant. (rF++)
                  | [Xom's grace]
  6635 | D:8      | Gained mutation: You have sharp toenails. [Xom's grace]
  6718 | D:6      | XOM: cleaving
  6729 | D:6      | Killed Skiberibeda's ghost
  6730 | D:6      | Reached skill level 5 in Dodging
  6733 | D:6      | XOM: chaos cloud
  6764 | D:6      | XOM: swap monsters
  6773 | D:6      | Reached skill level 5 in Fighting
  6773 | D:6      | XOM: chaos cloud
  6778 | D:6      | XOM: noise
  6793 | D:6      | Reached XP level 10. HP: 56/56 MP: 14/17
  6877 | D:6      | XOM: noise
  6924 | D:6      | Killed a two-headed ogre
  6925 | D:6      | Reached skill level 5 in Stealth
  7053 | D:6      | Reached skill level 5 in Spellcasting
  7124 | D:7      | XOM: summons 5 hostile demons
  7125 | D:7      | Noticed a sixfirhy
  7335 | D:8      | Found a runed translucent gate.
  7335 | D:8      | Found a runed translucent gate.
  7335 | D:8      | Found a runed translucent gate.
  7335 | D:8      | Noticed 101zpm's ghost (novice GnAE)
  7338 | D:8      | Found a basalt altar of Yredelemnul.
  7360 | D:8      | XOM: smoke on damage
  7365 | D:8      | Killed 101zpm's ghost
  7436 | D:8      | XOM: draining
  7580 | D:9      | Found a blossoming altar of Fedhas.
  7592 | D:9      | Noticed Pikel
  7597 | D:9      | Killed Pikel
  7597 | D:9      | Noticed Prince Ribbit
  7598 | D:9      | XOM: 1-stop teleportation journey
  7676 | D:9      | XOM: silly message
  7678 | D:9      | Reached skill level 10 in Maces & Flails
  7690 | D:9      | XOM: polymorph killer bee -> jelly
  7692 | D:9      | XOM: silly message
  7714 | D:9      | XOM: summons 5 hostile demons
  7719 | D:9      | XOM: swap monsters
  7720 | D:9      | Reached XP level 11. HP: 33/61 MP: 18/20
  7823 | D:9      | Killed Prince Ribbit
  7918 | D:9      | XOM: confusion (+ monsters)
  7954 | D:9      | XOM: potion effect (invisibility)
  8042 | D:9      | Noticed Psyche
  8046 | D:9      | Killed Psyche
  8205 | D:9      | XOM: enchant monster (good)
  8217 | D:9      | XOM: noise
  8327 | D:9      | Identified the +9 long sword of Ignis's Approval {flame,
                  | rElec rF++ Will- Int+4}
  8509 | D:10     | Entered Level 10 of the Dungeon
  8547 | D:10     | Reached skill level 1 in Long Blades
  8582 | D:10     | Reached skill level 2 in Long Blades
  8590 | D:10     | XOM: divination: detect creatures
  8598 | D:10     | XOM: silly message
  8780 | D:10     | You fall into a shaft and drop 1 floor!
  8786 | D:11     | Reached skill level 3 in Long Blades
  8822 | D:11     | Found a staircase to the Lair.
  8922 | D:10     | Found an ornate altar of the Wu Jian Council.
  8951 | D:10     | Learned a level 2 spell: Passwall
  8954 | D:10     | Learned a level 2 spell: Sublimation of Blood
  8957 | D:10     | Learned a level 2 spell: Wereblood
  9000 | D:11     | Noticed a two-headed ogre
  9013 | D:11     | Killed a two-headed ogre
  9014 | D:11     | Reached skill level 4 in Long Blades
  9014 | D:11     | Reached skill level 1 in Transmutations
  9086 | D:11     | Noticed a brown ugly thing
  9097 | D:11     | Killed a brown ugly thing
  9146 | D:11     | Found a staircase to the Orcish Mines.
  9154 | D:11     | XOM: smoke on damage
  9158 | D:11     | XOM: blink monster(s)
  9252 | D:11     | XOM: scenery: summon butterflies
  9253 | D:11     | XOM: polymorph butterfly -> iguana
  9256 | D:11     | XOM: cleaving
  9261 | D:11     | Reached skill level 5 in Long Blades
  9262 | D:11     | Identified the ring "Fyawogam" {Fly rPois Int+3 Dex-5} (Xom
                  | gifted it to you on level 11 of the Dungeon)
  9262 | D:11     | XOM: god gift: ring "Fyawogam" {Fly rPois Int+3 Dex-5}
  9277 | D:11     | XOM: fog
  9313 | D:11     | Noticed an orc knight
  9336 | D:11     | XOM: enchant monster (good)
  9343 | D:11     | Killed an orc knight
  9500 | D:11     | Reached skill level 6 in Long Blades
  9873 | D:12     | Noticed a two-headed ogre
  9877 | D:12     | XOM: scenery: summon butterflies
  9904 | D:12     | Killed a two-headed ogre
  9905 | D:12     | Reached skill level 1 in Shields
  9905 | D:12     | Reached XP level 12. HP: 53/68 MP: 15/22
  9940 | D:12     | XOM: divination: detect items
 10084 | D:12     | XOM: fog
 10212 | D:13     | Noticed a centaur warrior
 10223 | D:12     | Killed a centaur warrior
 10259 | D:13     | Reached skill level 7 in Long Blades
 10312 | D:13     | XOM: give mutations
 10312 | D:13     | Gained mutation: You are mostly covered in iridescent
                  | scales. (AC +4) [Xom's mischief]
 10312 | D:13     | Gained mutation: You are strong-willed. (Will+) [Xom's
                  | mischief]
 10319 | D:13     | XOM: give mutations
 10319 | D:13     | Gained mutation: You have a pair of horns on your head.
                  | [Xom's grace]
 10319 | D:13     | Gained mutation: You passively dampen the noise of your
                  | surroundings. [Xom's grace]
 10319 | D:13     | Gained mutation: You expend magic power (3 MP) to
                  | strengthen your wands. [Xom's grace]
 10322 | D:13     | XOM: summons friendly shadow imp
 10368 | D:13     | Noticed a centaur warrior
 10371 | D:13     | XOM: summons 4 friendly demons
 10374 | D:13     | Killed a centaur warrior
 10383 | D:13     | Noticed Kirke
 10392 | D:13     | XOM: noise
 10400 | D:13     | Killed Kirke
 10491 | D:13     | XOM: give mutations
 10491 | D:13     | Lost mutation: Your flesh is cold resistant. (rC+) [Xom's
                  | mischief]
 10491 | D:13     | Lost mutation: You are strong-willed. (Will+) [Xom's
                  | mischief]
 10491 | D:13     | Lost mutation: Your flesh is very heat resistant. (rF++)
                  | [Xom's mischief]
 10491 | D:13     | Gained mutation: Your body sometimes deteriorates upon
                  | taking damage. [Xom's mischief]
 10493 | D:13     | XOM: give mutations
 10493 | D:13     | Lost mutation: You are mostly covered in iridescent scales.
                  | (AC +4) [Xom's mischief]
 10493 | D:13     | Lost mutation: Your flesh is heat resistant. (rF+) [Xom's
                  | mischief]
 10493 | D:13     | Lost mutation: You are resistant to electric shocks.
                  | (rElec) [Xom's mischief]
 10553 | D:13     | Noticed a boulder beetle
 10560 | D:13     | XOM: fog
 10565 | D:13     | Killed a boulder beetle
 10566 | D:13     | Reached skill level 5 in Transmutations
 10588 | D:13     | Noticed Frances
 10658 | D:13     | XOM: polymorph human -> sky beast
 10666 | D:13     | XOM: give mutations
 10666 | D:13     | Gained mutation: Your body often deteriorates upon taking
                  | damage. [Xom's mischief]
 10666 | D:13     | Lost mutation: You have sharp toenails. [Xom's mischief]
 10666 | D:13     | Gained mutation: You are weak. (Str -2) [Xom's mischief]
 10800 | D:13     | Found a blossoming altar of Fedhas.
 10835 | D:13     | Noticed a two-headed ogre
 10843 | D:13     | Killed a two-headed ogre
 10844 | D:13     | Reached skill level 8 in Long Blades
 10956 | D:13     | Killed Frances
 10957 | D:13     | Reached skill level 5 in Shields
 11080 | D:13     | Noticed a vault guard
 11082 | D:13     | Noticed a vault guard
 11092 | D:13     | XOM: confusion (+ monsters)
 11097 | D:13     | XOM: cleaving
 11104 | D:13     | XOM: chaos cloud
 11109 | D:13     | Killed a vault guard
 11110 | D:13     | XOM: blink monster(s)
 11113 | D:13     | Killed a vault guard
 11215 | D:13     | XOM: stat loss: -1 Str (15/16)
 11231 | D:13     | XOM: give mutations
 11231 | D:13     | Lost mutation: Your mind is acute. (Int +2) [Xom's
                  | mischief]
 11231 | D:13     | Lost mutation: You are robust. (+10% HP) [Xom's mischief]
 11231 | D:13     | Lost mutation: You passively dampen the noise of your
                  | surroundings. [Xom's mischief]
 11231 | D:13     | Gained mutation: You sometimes lose the ability to read
                  | scrolls when taking damage. [Xom's mischief]
 11232 | D:13     | Found a gate to the Vaults.
 11235 | D:13     | Reached XP level 13. HP: 64/65 MP: 20/23
 11354 | Lair:1   | Entered Level 1 of the Lair of Beasts
 11362 | Lair:1   | Reached skill level 9 in Long Blades
 11375 | Lair:1   | XOM: polymorph yak -> black mamba
 11379 | Lair:1   | XOM: scenery: create altars
 11384 | Lair:1   | XOM: smoke on damage
 11630 | Lair:1   | XOM: cloud trail
 11651 | Lair:1   | XOM: summons friendly ufetubus
 11660 | Lair:1   | XOM: enchant monster (good)
 11880 | Lair:1   | XOM: 2-stop teleportation journey
 12125 | Lair:1   | XOM: divination: detect creatures
 12704 | Lair:2   | XOM: polymorph yak -> rime drake
 12716 | Lair:2   | XOM: potion effect (berserk rage)
 12722 | Lair:2   | XOM: divination: magic mapping
 12734 | Lair:2   | Reached skill level 10 in Long Blades
 12812 | Lair:2   | XOM: 3-stop teleportation journey
 13030 | Lair:2   | XOM is BORED!
 13030 | Lair:2   | XOM: noise
 13184 | Lair:3   | XOM: summons 13 friendly demons
 13211 | Lair:3   | XOM: enchant monster (good)
 13308 | Lair:3   | XOM: swap monsters
 13351 | Lair:1   | XOM: draining
 13674 | Lair:3   | XOM: repel stairs
 13767 | Lair:3   | XOM: enchant monster (bad)
 13803 | Lair:3   | XOM: 2-stop teleportation journey
 13850 | Lair:3   | Found a staircase to the Swamp.
 13855 | Lair:3   | XOM: polymorph eight-headed hydra -> goliath frog
 13858 | Lair:3   | Reached skill level 11 in Long Blades
 13858 | Lair:3   | XOM: summons friendly iron imp
 13866 | Lair:3   | Mangled by a swamp worm

Illustrated notes

Levels and vault maps discovered:
D:1:      dpeg_arrival_triangle_fractal, layout_loops_ring,
          hellmonk_ecumenical_altar_pennies_from_heaven
D:2:      layout_basic, serial_shops, nicolae_shop_bloodbath_and_beyond,
          uniq_natasha
D:3:      layout_basic, lemuel_round_altar, grunt_ashenzari_visionary
          [grunt_ashenzari_visionary_swamp, grunt_ashenzari_visionary_snake],
          kennysheep_generic_room_9
D:4:      layout_basic, nicolae_overflow_crystal_walls, tso_metal_star,
          mainiacjoe_overflow_surrounded_room, uniq_robin
D:5:      nicolae_cairo_tiling_large, layout_basic,
          mainiacjoe_overflow_concentric_impassable,
          minmay_temple_entry_large_hall
D:6:      cheibrodos_two_vegetables, layout_rooms, old_standard_altar,
          biasface_ghost_orc_armoury, uniq_grinder, uniq_edmund
D:7:      layout_loops_ring, gammafunk_ghost_cemetery, uniq_joseph
D:8:      layout_cave_pools, nicolae_yredelemnul_ghost_church
D:9:      layout_roguey, overflow_temple_1_default, special_room
          [special_room_bee], roderic_serpentine_path, dk_vineyard_2,
          minivault_10, serial_park_tiny_2, mrwooster_statue_mirror,
          uniq_prince_ribbit1, uniq_psyche, uniq_pikel
D:10:     layout_big_octagon, pdpol_wu_jian_five_deadly_venoms, grunt_decor_cap
D:11:     layout_rooms, lair_entry_dummy, david_orc_5, minmay_fire_ice_demons
D:12:     layout_rooms
D:13:     layout_loops_ring, ximxim_vaults_locker_room, fedhas_ov_isle_minmay,
          uniq_kirke, uniq_frances
Lair:1:   layout_cave_pods, chequers_serial_rivers_micro_d
Lair:2:   layout_chaotic_city
Lair:3:   layout_regular_city, palyth_hydra_swamp_entry

Skill      XL: |  1  2  3  4  5  6  7  8  9 10 11 12 13 |
---------------+----------------------------------------+-----
Maces & Flails | 3 4 5 6 7 8 9 10 | 10.6
Dodging        | 1 2 3 5 6 |  6.7
Stealth        | 1 2 4 6 |  6.0
Fighting       | 3 4 5 6 |  6.4
Spellcasting   | 1 3 4 5 6 |  6.4
Armour         | 2 |  2.0
Long Blades    | 6 8 11 | 11.0
Transmutations | 3 5 |  5.0
Shields        | 1 6 8 |  8.1

Action                   |  1- 3 |  4- 6 |  7- 9 | 10-12 | 13-15 || total
-------------------------+-------+-------+-------+-------+-------++-------
Melee: Mace              |    91 |   119 |   194 |       |       ||   404
       Bite              |    18 |    23 |   100 |   128 |    55 ||   324
       Punch             |     2 |     1 |     4 |     3 |       ||    10
       Headbutt          |       |    14 |    71 |    82 |    45 ||   212
       Flail             |       |       |   132 |   193 |       ||   325
       Kick              |       |       |    12 |   128 |       ||   140
       Long sword        |       |       |       |   220 |   171 ||   391
Throw: Dart              |       |       |       |    15 |       ||    15
       Throwing net      |       |       |       |     1 |       ||     1
Evoke: Wand              |       |       |     2 |    16 |       ||    18
  Use: Scroll            |       |       |     6 |    11 |     4 ||    21
       Potion            |       |       |     2 |     4 |     2 ||     8
 Stab: Paralysed         |       |     2 |       |     1 |     1 ||     4
       Sleeping          |       |       |    10 |    16 |       ||    26
       Confused          |       |       |     1 |     1 |     2 ||     4
       Invisible         |       |       |     3 |     2 |       ||     5
       Distracted        |       |       |     1 |     2 |     1 ||     4
       Petrified         |       |       |       |       |     5 ||     5
       Petrifying        |       |       |       |       |     2 ||     2
Armor: Leather armour    |    42 |    35 |       |       |       ||    77
       Robe              |       |       |    73 |    56 |       ||   129
       Troll leather arm |       |       |       |    73 |       ||    73
       Plate armour      |       |       |       |     5 |    58 ||    63
       Ring mail         |       |       |       |       |    12 ||    12
       Skin              |       |       |       |       |     5 ||     5
Dodge: Dodged            |    80 |   115 |   281 |   417 |    40 ||   933
Block: Kite shield       |       |       |       |    62 |    98 ||   160
